 Dungeon Crawl Stone Soup version 0.31-a0-177-g4aa6249778 (webtiles) character file.

Game seed: 4537288026780792099

93 qw the Shooter (level 4, -4/40 HPs)
             Began as a Naga Hunter on June 18, 2023.
             Slain by Natasha (6 damage)
             ... on level 2 of the Dungeon.
             The game lasted 00:00:30 (969 turns).

qw the Shooter (Naga Hunter)                         Turns: 969, Time: 00:00:31

Health: -4/40      AC:  2    Str: 13    XL:     4   Next: 62%
Magic:  4/4        EV:  9    Int: 10    God:
Gold:   80         SH:  0    Dex: 16    Spells: 3/3 levels left

rFire   . . .        Y - +0 shortbow
rCold   . . .        (shield currently unavailable)
rNeg    . . .        c - +0 leather armour
rPois   +            (no helmet)
rElec   .            (no cloak)
rCorr   .            (no gloves)
SInv    +            (no barding)
Will    .....        (no amulet)
Stlth   ++           (no ring)
HPRegen 0.26/turn    (no ring)
MPRegen 0.09/turn

%: no passive effects
@: short of breath, slowed, very slow
A: AC +1, large, see invisible, deformed body, poison resistance, slowness 2,
spit poison 1, naga tail 1
a: Spit Poison


You were on level 2 of the Dungeon.
You visited 1 branch of the dungeon, and saw 2 of its levels.

You collected 80 gold pieces.


Innate Abilities, Weirdness & Mutations

Your serpentine skin is tough. (AC +1)
You have supernaturally acute eyesight. (SInv)
Armour fits poorly on your strangely shaped body.
Your system is resistant to poisons. (rPois)
You cover ground very slowly.
You can spit poison.
You have a snake-like lower body.


   Skills:
 + Level 2.9 Fighting
 - Level 5.0 Ranged Weapons
 - Level 1.5 Dodging
 - Level 1.5 Stealth


You had 3 spell levels left.
You didn't know any spells.
Your spell library was empty.

Inventory:

Hand Weapons
 Y - a +0 shortbow (weapon)
Armour
 c - a +0 leather armour (worn)
Scrolls
 b - a scroll of enchant armour {unknown}
Potions
 a - 2 potions of degeneration {unknown}
 e - a potion of curing
 f - a potion of brilliance {unknown}

Dungeon Overview and Level Annotations

Branches:
Dungeon (2/15)

Altars:

Annotations:
D:2 Natasha


Message History

You shoot an arrow. The arrow hits the rat.
You kill the rat!
You have got your breath back.
The kobold closely misses you.
Natasha stares at you and mumbles some strange words.
You feel yourself slow down. The kobold hits you but does no damage.
965 ||| INVOKING Spit Poison.
Aiming: Spit Poison (1% risk of failure)
Press: ? - help, Shift-Dir - straight line, f - Natasha The splash of poison misses Natasha.
Natasha barely misses you.
The kobold hits you with a +0 short sword.
Natasha claws you!
You shoot an arrow.
The arrow hits Natasha but does no damage.
The kobold hits you with a +0 short sword.
Natasha casts a spell.
The kobold completely misses you.
You shoot an arrow.
The arrow hits Natasha but does no damage.
You have got your breath back.
Natasha casts a spell.
The kobold barely misses you.
The cerulean imp hits you but does no damage.
Natasha claws you. The kobold barely misses you.
968 ||| INVOKING Spit Poison.
Aiming: Spit Poison (1% risk of failure)
Press: ? - help, Shift-Dir - straight line, f/p - Natasha The splash of poison misses Natasha.
The cerulean imp hits you from afar with a +2 spear.
Natasha completely misses you.
The cerulean imp hits you with a +1 spear.
The kobold hits you with a +0 short sword.
The cerulean imp barely misses you. Natasha barely misses you.
You shoot an arrow. The arrow hits Natasha.
Natasha is moderately wounded.
The cerulean imp hits you with a +1 spear.
The kobold closely misses you. The cerulean imp barely misses you.
Natasha claws you.
You die...

. ###....##....#
....?# #...# ##...#
.##....####..# ##..#
.........#..# #..##
#.....#.#..# #...#
##.....#.#..######...#
#....................#
#..#5##.#.........#.#
#.K@h....####......#
#...###..# ...######
#.5.. #..##%###
#..###.##.%#. #...
....>.. #.#.. ##....#
#.#. ###..# # .. ..#


You could see Natasha, 2 cerulean imps and a kobold.

Vanquished Creatures
  Natasha (D:2)
  2 adders (D:2)
  A worm (D:2)
  3 dart slugs
  2 endoplasms
  A giant cockroach (D:1)
  3 goblins (D:1)
  3 hobgoblins
  4 jackals (D:2)
  A quokka (D:2)
  6 ball pythons
  6 bats
  4 frilled lizards
  4 kobolds
  3 rats
44 creatures vanquished.

Notes
Turn   | Place    | Note
-------+----------+-------------------------------------------
     0 | D:1      | qw the Naga Hunter began the quest for the Orb.
     0 | D:1      | Reached XP level 1. HP: 19/19 MP: 1/1
     0 | D:1      | 0 ||| qw: Version: 0.3-a-5-g6f28e65
     0 | D:1      | 0 ||| qw: Game counter: 588
     0 | D:1      | 0 ||| qw: Always use a shield: true
     0 | D:1      | 0 ||| qw: God list: Okawaru
     0 | D:1      | 0 ||| qw: Allow faded altars: false
     0 | D:1      | 0 ||| qw: Do Orc after D:15 true
     0 | D:1      | 0 ||| qw: Do second Lair branch before Depths: true
     0 | D:1      | 0 ||| qw: Lair rune preference: random
     0 | D:1      | 0 ||| qw: Plans: Normal
     0 | D:1      | 0 ||| PLANNING D:1-11
    13 | D:1      | 13 ||| INVOKING Spit Poison.
    14 | D:1      | 14 ||| INVOKING Spit Poison.
    54 | D:1      | 54 ||| INVOKING Spit Poison.
    58 | D:1      | 58 ||| INVOKING Spit Poison.
    75 | D:1      | 75 ||| INVOKING Spit Poison.
    80 | D:1      | 80 ||| INVOKING Spit Poison.
    81 | D:1      | 81 ||| INVOKING Spit Poison.
    85 | D:1      | 85 ||| INVOKING Spit Poison.
   185 | D:1      | Reached skill level 4 in Ranged Weapons
   185 | D:1      | Reached XP level 2. HP: 15/26 MP: 2/2
   253 | D:1      | 253 ||| INVOKING Spit Poison.
   273 | D:1      | 273 ||| INVOKING Spit Poison.
   289 | D:1      | 289 ||| INVOKING Spit Poison.
   293 | D:1      | 293 ||| INVOKING Spit Poison.
   298 | D:1      | 298 ||| INVOKING Spit Poison.
   313 | D:1      | 313 ||| INVOKING Spit Poison.
   341 | D:1      | 341 ||| INVOKING Spit Poison.
   468 | D:1      | 468 ||| INVOKING Spit Poison.
   479 | D:1      | 479 ||| INVOKING Spit Poison.
   483 | D:1      | 483 ||| Stepping ~*~*~tactically~*~*~ (outnumbered).
   485 | D:1      | 485 ||| Stepping ~*~*~tactically~*~*~ (outnumbered).
   486 | D:1      | 486 ||| INVOKING Spit Poison.
   492 | D:1      | 492 ||| INVOKING Spit Poison.
   497 | D:1      | Reached XP level 3. HP: 32/32 MP: 3/3
   525 | D:1      | 525 ||| INVOKING Spit Poison.
   529 | D:1      | 529 ||| INVOKING Spit Poison.
   554 | D:1      | 554 ||| INVOKING Spit Poison.
   674 | D:1      | 674 ||| INVOKING Spit Poison.
   691 | D:1      | 691 ||| READING scroll labelled ONEASA KIMAEG.
   692 | D:1      | 692 ||| READING scroll labelled ISSUNE GENUO.
   696 | D:1      | 696 ||| DRINKING 2 gluggy clear potions.
   697 | D:1      | 697 ||| DROPPING scroll of butterflies.
   720 | D:2      | Noticed Natasha
   721 | D:2      | 721 ||| INVOKING Spit Poison.
   722 | D:2      | Killed Natasha
   724 | D:2      | 724 ||| INVOKING Spit Poison.
   733 | D:2      | 733 ||| INVOKING Spit Poison.
   735 | D:2      | Reached skill level 5 in Ranged Weapons
   735 | D:2      | Reached XP level 4. HP: 39/39 MP: 4/4
   737 | D:2      | 737 ||| INVOKING Spit Poison.
   744 | D:2      | 744 ||| INVOKING Spit Poison.
   808 | D:2      | 808 ||| INVOKING Spit Poison.
   881 | D:2      | 881 ||| INVOKING Spit Poison.
   885 | D:2      | 885 ||| INVOKING Spit Poison.
   902 | D:2      | 902 ||| INVOKING Spit Poison.
   908 | D:2      | 908 ||| INVOKING Spit Poison.
   919 | D:2      | 919 ||| INVOKING Spit Poison.
   939 | D:2      | 939 ||| INVOKING Spit Poison.
   949 | D:2      | 949 ||| INVOKING Spit Poison.
   958 | D:2      | 958 ||| INVOKING Spit Poison.
   959 | D:2      | Noticed Natasha
   965 | D:2      | 965 ||| INVOKING Spit Poison.
   968 | D:2      | 968 ||| INVOKING Spit Poison.
   968 | D:2      | HP: 7/40 [kobold/+0 short sword (4)]
   969 | D:2      | HP: 2/40 [cerulean imp/+1 spear[Natasha] (5)]
   969 | D:2      | Slain by Natasha

Levels and vault maps discovered:
D:1:      scummos_arrival_checkerplants, layout_loops_ring
D:2:      layout_basic, shapermc_ecumenical_altar_venn, hangedman_decor_growths,
          uniq_jessica, uniq_natasha

Skill      XL: |  1  2  3 |
---------------+----------+-----
Ranged Weapons | 4 5 |  5.0
Fighting       | |  2.9
Dodging        | |  1.5
Stealth        | |  1.5

Action                     |  1- 3 |  4- 6 || total
---------------------------+-------+-------++-------
   Fire: Shortbow          |    64 |    36 ||   100
Ability: Spit Poison       |    24 |    13 ||    37
    Use: Scroll            |     2 |       ||     2
         Potion            |     1 |       ||     1
 Armour: Leather armour    |     7 |     9 ||    16
  Dodge: Dodged            |    21 |    26 ||    47

Table legend:
 A = Non-vault XP
 B = Vault XP
 C = Vault XP percentage of total XP
 D = Non-vault monster count
 E = Vault monster count
 F = Vault count percentage of total count
                 A         B        C        D         E       F
            +---------+---------+-------+---------+---------+-------
      Total |      99 |      35 |  26.1 |      43 |       1 |   2.3
            +---------+---------+-------+---------+---------+-------
        D:1 |      42 |       0 |   0.0 |      26 |       0 |   0.0
        D:2 |      57 |      35 |  38.0 |      17 |       1 |   5.6
            +---------+---------+-------+---------+---------+-------
